 Dungeon Crawl Stone Soup version 0.22.1-1-ga44c0e56f4 (webtiles) character file.

1306 Masnef the Summoner (level 8, -1/45 HPs)
             Began as a Tengu Summoner on Oct 22, 2018.
             Slain by a water moccasin skeleton (8 damage)
             ... on level 6 of the Dungeon.
             The game lasted 00:16:55 (7865 turns).

Masnef the Summoner (Tengu Summoner)                Turns: 7865, Time: 00:16:56

Health: -1/45      AC:  3    Str:  8    XL:     8   Next: 57%
Magic:  15/17      EV: 14    Int: 19    God:
Gold:   239        SH:  0    Dex: 14    Spells: 1/18 levels left

rFire    . . .     SeeInvis .   n - +5 long sword (elec)
rCold    . . .     Gourm    .   (no shield)
rNeg     . . .     Faith    .   a - +1 robe
rPois    .         Spirit   .   (helmet restricted)
rElec    .         Reflect  .   (no cloak)
rCorr    .         Harm     .   (no gloves)
MR       .....                  (boots unavailable)
Stlth    ++........             (no amulet)
HPRegen  0.15/turn              (no ring)
MPRegen  0.15/turn              (no ring)

@: no status effects
A: beak, talons 3, able to fly 1
a: Fly


You were on level 6 of the Dungeon.
You were not hungry.

You visited 2 branches of the dungeon, and saw 7 of its levels.

You collected 239 gold pieces.

Inventory:

Hand Weapons
 b - a +0 hand axe
 g - a +0 mace
 k - a +3 dire flail of holy wrath
 n - a +5 long sword of electrocution (weapon)
Armour
 a - a +1 robe (worn)
 q - a +0 helmet
 r - a +0 cloak
 y - the +0 leather armour of Card Tricks {*Corrode rPois rN+++ Int+3}
   (You found it on level 5 of the Dungeon)

   It affects your intelligence (+3).
   It protects you from poison.
   It renders you almost immune to negative energy.
   It may corrode you when you take damage.
Magical Staves
 u - an uncursed staff of cold {unknown}
Wands
 i - a wand of random effects (17)
 o - a wand of iceblast (3)
 p - a wand of flame (42)
Scrolls
 f - 2 scrolls of teleportation
 j - a scroll of enchant armour
 m - 2 scrolls of identify
Potions
 d - 3 potions of curing
 e - a potion of resistance {unknown}
 h - a potion of berserk rage
 l - a potion of agility
 t - a potion of invisibility {unknown}
 w - a potion of brilliance {unknown}
 x - a potion of flight {unknown}
Miscellaneous
 s - a phantom mirror
Comestibles
 c - 11 rations


   Skills:
 + Level 2.7 Fighting
 * Level 1.0 Long Blades
 - Level 0.1 Maces & Flails
 + Level 4.5 Dodging
 - Level 2.0 Stealth
 + Level 5.8 Spellcasting
 * Level 0.1 Hexes
 + Level 9.1 Summonings
 * Level 0.1 Ice Magic
 * Level 0.3 Air Magic


You had one spell level left.
You knew the following spells:

 Your Spells              Type           Power        Failure   Level  Hunger
a - Summon Small Mammal   Summ           ####         1%          1    None
b - Call Imp              Summ           #####...     1%          2    None
c - Call Canine Familiar  Summ           #####...     1%          3    ##.....
d - Summon Guardian Gole  Hex/Summ       ###.....     5%          3    ##.....
e - Summon Ice Beast      Ice/Summ       ###.....     17%         4    ####...
f - Summon Lightning Spi  Summ/Air       ###.....     16%         4    ####...

Your spell library contained the following spells:

 Spells                   Type           Power        Failure   Level  Hunger
 Corona                   Hex            #......      11%         1    None
 Ensorcelled Hibernation  Hex/Ice        #.....       17%         2    None
 Confuse                  Hex            #.......     32%         3    ##.....
 Dazzling Spray           Conj/Hex       #.....       32%         3    ##.....
 Tukima's Dance           Hex            #.......     32%         3    ##.....


Dungeon Overview and Level Annotations

Branches:
Dungeon (6/15)             Temple (1/1) D:4

Altars:
Dithmenos
Fedhas
Gozag
Makhleb
Nemelex Xobeh
Okawaru
Qazlal
Ru
Trog
Uskayaw
Vehumet
Wu Jian
Xom
Yredelemnul
Zin


Innate Abilities, Weirdness & Mutations

You have a beak for a mouth.
You have claws for feet.
You can fly.


Message History

The water moccasin skeleton bites you but does no damage.
The water moccasin skeleton misses you.
You hit the water moccasin skeleton but do no damage.
Lightning courses through the water moccasin skeleton!
You peck the water moccasin skeleton.
The water moccasin skeleton is severely damaged.
A centaur comes into view.
The water moccasin skeleton bites you. x2
You are too injured to fight recklessly!
The centaur shouts!
Casting: Call Imp (safe; 1% risk of failure)
Confirm with . or Enter, or press ? or * to list all spells.
A beastly little devil appears in a puff of flame.
The water moccasin skeleton bites you.
* * * LOW HITPOINT WARNING * * *
The water moccasin skeleton bites you.
* * * LOW HITPOINT WARNING * * *
As you read the scroll of fog, it crumbles to dust.
The scroll dissolves into smoke.
The water moccasin skeleton bites you!
You die...

....... .......##
........# ####
........##...
........#..####
........c.....##
#.†.§.###..#
#.###Z§§...#### #..
# ##@§#...... #..
##§§.### #.. ##5.#
#.. ##.### #..
#####...#. #.. #.
#.....#...... #..
#...###.###.##..###
#.. #.......#####
..## #..
#..####÷....#
..######.>


You could see a centaur, a water moccasin skeleton and a friendly crimson imp.

Vanquished Creatures
  Eustachio (D:5)
  Edmund (D:4)
  Menkaure (D:5)
  An ice beast (D:5)
  An ogre (D:5)
  2 centaurs
  A bullfrog (D:6)
  A scorpion (D:6)
  2 crimson imps (D:5)
  2 hounds (D:5)
  A centaur skeleton (D:5)
  A worker ant (D:4)
  A hound zombie (D:5)
  A hound skeleton (D:6)
  4 gnolls
  4 adders
  2 shadow imps
  An ooze (D:1)
  2 worms
  5 leopard geckos
  7 orcs (D:4)
  7 bats
  3 giant cockroaches
  9 goblins
  7 hobgoblins
  6 jackals
  2 quokkas
  4 frilled lizards
  A jackal zombie (D:3)
  5 kobolds
  A quokka zombie (D:5)
  3 rats
90 creatures vanquished.

Vanquished Creatures (collateral kills)
  Sigmund (D:4)
  The ghost of KleinerIrrer the Ducker, an amateur OpFi (D:3)
  Robin (D:3)
  3 adders
  An ooze (D:3)
  2 bats
  8 goblins
  3 hobgoblins (D:3)
  2 jackals (D:2)
  A kobold (D:3)
23 creatures vanquished.

Grand Total: 113 creatures vanquished

Notes
Turn   | Place    | Note
-------+----------+-------------------------------------------
     0 | D:1      | Masnef the Tengu Summoner began the quest for the Orb.
     0 | D:1      | Reached XP level 1. HP: 10/10 MP: 4/4
    28 | D:1      | Reached skill level 5 in Summonings
    99 | D:1      | Reached XP level 2. HP: 15/15 MP: 6/6
   108 | D:1      | Learned a level 2 spell: Call Imp
   813 | D:1      | Reached XP level 3. HP: 19/19 MP: 7/7
  1861 | D:2      | Reached skill level 6 in Summonings
  2163 | D:2      | Reached XP level 4. HP: 21/24 MP: 2/8
  3435 | D:3      | Noticed Robin
  3467 | D:3      | Killed Robin
  3585 | D:3      | Found a runed door.
  3585 | D:3      | Noticed KleinerIrrer's ghost (amateur OpFi)
  3593 | D:3      | Learned a level 3 spell: Call Canine Familiar
  3610 | D:3      | Killed KleinerIrrer's ghost
  3610 | D:3      | Gained mutation: You can fly. [Tengu growth]
  3610 | D:3      | Reached XP level 5. HP: 28/28 MP: 2/10
  3789 | D:4      | Learned a level 3 spell: Summon Guardian Golem
  3977 | D:4      | Found a blossoming altar of Fedhas.
  3997 | D:4      | Found a radiant altar of Vehumet.
  4001 | D:4      | Found a shimmering altar of Xom.
  4058 | D:4      | Found a burning altar of Makhleb.
  4374 | D:4      | Found a staircase to the Ecumenical Temple.
  4384 | Temple   | Entered the Ecumenical Temple
  4892 | D:4      | Noticed Edmund
  5244 | D:4      | Noticed Sigmund
  5507 | D:4      | Killed Sigmund
  5507 | D:4      | Reached skill level 1 in Fighting
  5507 | D:4      | Reached skill level 7 in Summonings
  5507 | D:4      | Reached XP level 6. HP: 32/34 MP: 1/12
  5541 | D:4      | Killed Edmund
  5580 | D:5      | Entered Level 5 of the Dungeon
  5586 | D:4      | Reached XP level 7. HP: 32/38 MP: 10/14
  5876 | D:5      | Noticed Menkaure
  6556 | D:5      | Noticed Eustachio
  6576 | D:5      | Killed Eustachio
  6576 | D:5      | Reached skill level 8 in Summonings
  6890 | D:5      | Learned a level 4 spell: Summon Ice Beast
  6943 | D:5      | Killed Menkaure
  6943 | D:5      | Reached skill level 5 in Spellcasting
  6943 | D:5      | Reached XP level 8. HP: 38/44 MP: 8/16
  6955 | D:5      | Found a glowing silver altar of Zin.
  7034 | D:5      | HP: 1/44 [centaur (5)]
  7545 | D:5      | Got a translucent leather armour
  7556 | D:5      | Identified the cursed +0 leather armour of Card Tricks
                  | {*Corrode rPois rN+++ Int+3} (You found it on level 5 of
                  | the Dungeon)
  7701 | D:5      | Reached skill level 9 in Summonings
  7772 | D:6      | Found a stormy altar of Qazlal.
  7831 | D:6      | Learned a level 4 spell: Summon Lightning Spire
  7859 | D:6      | Reached skill level 1 in Long Blades
  7865 | D:6      | Slain by a water moccasin skeleton

Skill      XL: |  1  2  3  4  5  6  7  8 |
---------------+-------------------------+-----
Summonings     | 5 6 7 8 9 |  9.1
Dodging        | 3 4 |  4.5
Spellcasting   | 3 4 5 |  5.8
Fighting       | 1 2 |  2.7
Long Blades    | 1 |  1.0
Maces & Flails | |  0.1
Stealth        | |  2.0
Hexes          | |  0.1
Ice Magic      | |  0.1
Air Magic      | |  0.3

Action                   |  1- 3 |  4- 6 |  7- 9 || total
-------------------------+-------+-------+-------++-------
Melee: Hand axe          |    31 |       |       ||    31
       Kick              |    17 |    18 |    15 ||    50
       Mace              |    37 |    40 |       ||    77
       Peck              |     5 |     9 |    12 ||    26
       Long sword        |       |    60 |    65 ||   125
 Cast: Call Imp          |    14 |    21 |     7 ||    42
       Call Canine Famil |       |     5 |     3 ||     8
       Summon Small Mamm |       |     1 |       ||     1
  Use: Scroll            |       |     6 |     4 ||    10
       Potion            |       |     1 |     2 ||     3
 Stab: Sleeping          |     5 |     3 |     1 ||     9
  Eat: Chunk             |     3 |     6 |     2 ||    11
       Ration            |       |     3 |     1 ||     4
Armor: Robe              |    20 |    20 |    14 ||    54
Dodge: Dodged            |    58 |    78 |    66 ||   202
       Rpst.: Long sword |       |     8 |    17 ||    25
